 Dungeon Crawl Stone Soup version 0.20.1-1-g8b1a95d (webtiles) character file.

104 lysyklops the Conjurer (level 4, 0/33 HPs)
             Began as a Draconian Conjurer on Nov 20, 2017.
             Was an Initiate of the Shining One.
             Succumbed to AdmiralAndromeda's ghost's poison
             ... on level 3 of the Dungeon.
             The game lasted 00:12:13 (2335 turns).

lysyklops the Conjurer (Draconian Conjurer)         Turns: 2335, Time: 00:12:13

Health: 0/33       AC:  5    Str: 10    XL:     4   Next: 52%
Magic:  1/7        EV: 12    Int: 17    God:    the Shining One [......]
Gold:   180        SH:  0    Dex: 11    Spells: 2/8 levels left

rFire    . . .     SeeInvis .   i - +0 dagger
rCold    . . .     Gourm    .   (no shield)
rNeg     . . .     Faith    .   (armour unavailable)
rPois    .         Spirit   .   (helmet restricted)
rElec    .         Reflect  .   (no cloak)
rCorr    .         Harm     .   (no gloves)
MR       .....                  (no boots)
Stlth    +.........             (no amulet)
Regen    0.2/turn               (no ring)
MPRegen  0.1/turn               (no ring)

@: lethally poisoned (0 -> -28), glowing
A: unfitting armour, cold-blooded, AC +5
a: Renounce Religion


You were on level 3 of the Dungeon.
You worshipped the Shining One.
The Shining One was noncommittal.
You were not hungry.

You visited 1 branch of the dungeon, and saw 3 of its levels.

You collected 180 gold pieces.

Inventory:

Hand Weapons
 i - a +0 dagger (weapon)
 o - a cursed +0 short sword
Jewellery
 j - a +4 ring of protection {unknown}
 l - a cursed ring of teleportation {unknown}
 m - a +3 ring of evasion {unknown}
Scrolls
 c - 3 scrolls of identify {unknown}
 d - a scroll of immolation {unknown}
 f - a scroll of teleportation {unknown}
 k - a scroll of remove curse {unknown}
 p - a scroll of fog {unknown}
 r - a scroll of random uselessness {unknown}
Potions
 e - a potion of cancellation {unknown}
 g - 2 potions of heal wounds {unknown}
 q - a potion of curing {unknown}
 s - a potion of might {unknown}
Books
 a - a book of Conjurations

   Spells                             Type                      Level
   a - Magic Dart                     Conjuration                  1
   b - Searing Ray                    Conjuration                  2
   c - Dazzling Spray                 Conjuration/Hexes            3
   d - Fulminant Prism                Conjuration/Hexes            4
   e - Force Lance                    Conjuration/Translocation    4
   f - Iskenderun's Mystic Blast      Conjuration                  4
Comestibles
 b - a bread ration
 h - 2 royal jellies
 n - 12 chunks of flesh


   Skills:
 + Level 0.2 Fighting
 + Level 0.8 Short Blades
 + Level 2.4 Dodging
 + Level 2.1 Stealth
 + Level 2.5 Spellcasting
 + Level 5.0 Conjurations


You had 2 spell levels left.
You knew the following spells:

 Your Spells              Type           Power        Failure   Level  Hunger
a - Magic Dart            Conj           ###.         2%          1    #......
b - Searing Ray           Conj           ###...       3%          2    ##.....
c - Dazzling Spray        Conj/Hex       ##....       19%         3    ###....


Dungeon Overview and Level Annotations

Branches:
Dungeon (3/15)

Altars:
The Shining One

Annotations:
D:3 AdmiralAndromeda's ghost, amateur CeHu


Innate Abilities, Weirdness & Mutations

Your plain brown scales are hard. (AC +5)
You cannot fit into any form of body armour.
You are cold-blooded and may be slowed by cold attacks.


Message History

You don't know that spell.
Unknown command.
You hit AdmiralAndromeda's ghost but do no damage.
AdmiralAndromeda's ghost is lightly damaged.
AdmiralAndromeda's ghost hits you.
You are poisoned.
You hit AdmiralAndromeda's ghost but do no damage.
You feel sick. AdmiralAndromeda's ghost hits you.
You are lethally poisoned!
You feel sick.
You feel sick.
AdmiralAndromeda's ghost closely misses you.
* * * LOW HITPOINT WARNING * * *
You feel sick. AdmiralAndromeda's ghost hits you.
* * * LOW HITPOINT WARNING * * *
You are more poisoned.
There is an open door, spattered with blood here.
* * * LOW HITPOINT WARNING * * *
You feel sick.
You die...

........# ###### #......##
# #.......# #### #.!.....#
.. #..) #.......##....
#.#. #(.........#..# #.#.
#......#####..# #.#.
#......W..##..# #######.#.
#......##@#.(.###.......#.
#(.....##)#.>............#
#......##)#..............#
#####.###(##.............#
#+# #................#
####.............#
#.............#
#.............#
#.............#


You could see AdmiralAndromeda's ghost.

Vanquished Creatures
  Robin (D:3)
  2 adders
  2 worms (D:2)
  3 dart slugs
  2 leopard geckos
  An orc (D:3)
  5 giant cockroaches
  13 goblins
  4 hobgoblins
  6 jackals
  3 kobolds
  8 bats
  2 frilled lizards (D:2)
  6 rats
58 creatures vanquished.

Notes
Turn   | Place    | Note
-------+----------+-------------------------------------------
     0 | D:1      | lysyklops the Draconian Conjurer began the quest for the Orb.
     0 | D:1      | Reached XP level 1. HP: 14/14 MP: 3/3
   298 | D:1      | Reached XP level 2. HP: 19/20 MP: 1/5
   302 | D:1      | Learned a level 2 spell: Searing Ray
  1249 | D:2      | Reached XP level 3. HP: 20/26 MP: 0/6
  1520 | D:2      | Found a glowing golden altar of the Shining One.
  1567 | D:2      | Became a worshipper of the Shining One
  2118 | D:2      | Learned a level 3 spell: Dazzling Spray
  2138 | D:3      | Reached XP level 4. HP: 30/33 MP: 1/7
  2264 | D:3      | Noticed Robin
  2286 | D:3      | Killed Robin
  2286 | D:3      | Reached skill level 5 in Conjurations
  2321 | D:3      | Noticed AdmiralAndromeda's ghost (amateur CeHu)
  2335 | D:3      | Succumbed to AdmiralAndromeda's ghost's poison

Skill      XL: |  1  2  3  4 |
---------------+-------------+-----
Dodging        | 2 |  2.4
Stealth        | 2 |  2.1
Conjurations   | 5 |  5.0
Fighting       | |  0.2
Short Blades   | |  0.8
Spellcasting   | |  2.5

Action                   |  1- 3 |  4- 6 || total
-------------------------+-------+-------++-------
Melee: Unarmed           |     8 |       ||     8
       Dagger            |    44 |    30 ||    74
       Tailslap          |     6 |     5 ||    11
 Cast: Magic Dart        |    77 |    17 ||    94
       Searing Ray       |     7 |     1 ||     8
  Eat: Chunk             |     5 |     1 ||     6
Armor: Skin              |    16 |     7 ||    23
Dodge: Dodged            |    41 |    22 ||    63
